 Dungeon Crawl Stone Soup version 0.21.1-1-g345015f (webtiles) character file.

191 shakethe the Chopper (level 5, -3/42 HPs)
             Began as a Demonspawn Fighter on Feb 18, 2018.
             Slain by a water moccasin (4 damage)
             ... on level 3 of the Dungeon.
             The game lasted 00:04:38 (3050 turns).

shakethe the Chopper (Demonspawn Fighter)           Turns: 3050, Time: 00:04:38

Health: -3/42      AC: 13    Str: 17    XL:     5   Next: 42%
Magic:  5/5        EV:  9    Int: 10    God:
Gold:   169        SH:  0    Dex: 12    Spells: 4/4 levels left

rFire    . . .     SeeInvis .   q - +1 flail (protect)
rCold    + . .     Gourm    .   (no shield)
rNeg     . . .     Faith    .   b - +0 scale mail
rPois    .         Spirit   .   (no helmet)
rElec    .         Reflect  .   (no cloak)
rCorr    .         Harm     .   (no gloves)
MR       .....                  (no boots)
Stlth    ..........             (no amulet)
HPRegen  0.14/turn              (no ring)
MPRegen  0.09/turn              (no ring)

@: lethally poisoned (-3 -> -8), protection aura, hasted, very quick
A: cold resistance 1, freezing cloud immunity
a: no special abilities


You were on level 3 of the Dungeon.
You were not hungry.

You visited 1 branch of the dungeon, and saw 3 of its levels.

You collected 169 gold pieces.

Inventory:

Hand Weapons
 a - a +0 war axe
 q - a +1 flail of protection (weapon)
   (You took it off Terence on level 2 of the Dungeon)
Armour
 b - a +0 scale mail (worn)
 c - a +0 shield
 o - a cursed +0 pair of gloves
   (You found it on level 3 of the Dungeon)
Jewellery
 j - a cursed -3 ring of intelligence {unknown}
   (You found it on level 1 of the Dungeon)
 n - an uncursed amulet of the gourmand {unknown}
   (You found it on level 2 of the Dungeon)
Scrolls
 k - 3 scrolls of identify {unknown}
 l - a scroll of enchant weapon {unknown}
Potions
 d - a potion of might
 g - a potion of lignification {!q}
 h - a potion of curing
 p - a potion of brilliance {unknown}
Books
 r - a book of Cantrips
   (You found it on level 3 of the Dungeon)
Comestibles
 f - a ration


   Skills:
 + Level 4.2 Fighting
 * Level 4.4 Axes
 - Level 2.6 Armour
 - Level 2.6 Shields


You had 4 spell levels left.
You didn't know any spells.

Dungeon Overview and Level Annotations

Branches:
Dungeon (3/15)

Altars:


Innate Abilities, Weirdness & Mutations

Your flesh is cold resistant. (rC+)
You are immune to freezing clouds.


Message History

No target in view!
No target in view!
No target in view!
No target in view!
No target in view!
No target in view!
No target in view!
A water moccasin comes into view.
The water moccasin hisses angrily.
The water moccasin bites you.
You are poisoned.
The water moccasin poisons you!
The water moccasin bites you but does no damage.
You take 5 damage, and have 37/42 hp.
You thump the water moccasin!
Your weapon exudes an aura of protection.
You feel sick. The water moccasin bites you.
You are more poisoned.
The water moccasin poisons you!
The water moccasin bites you but does no damage.
You take 4 damage, and have 33/42 hp.
You feel sick.
You take 2 damage, and have 31/42 hp.
You feel sick. The water moccasin barely misses you.
You take 2 damage, and have 29/42 hp.
You feel sick.
You take 2 damage, and have 27/42 hp.
You feel sick.
You take 2 damage, and have 25/42 hp.
You feel sick. The water moccasin closely misses you.
You take 2 damage, and have 23/42 hp.
You feel sick.
You feel sick.
The water moccasin bites you but does no damage.
You take 2 damage, and have 21/42 hp.
You feel sick.
You take 1 damage, and have 20/42 hp.
You feel sick.
You take 1 damage, and have 19/42 hp.
You feel sick. The water moccasin bites you.
You take 6 damage, and have 13/42 hp.
You feel sick.
You take 1 damage, and have 12/42 hp.
You feel sick. The water moccasin bites you.
* * * LOW HITPOINT WARNING * * *
You take 2 damage, and have 10/42 hp.
Okay, then.
As you read the scroll labeled SIDDUL GUAHA, it crumbles to dust.
You feel strangely unstable.
It was a scroll of teleportation.
* * * LOW HITPOINT WARNING * * *
You feel sick. The water moccasin barely misses you.
* * * LOW HITPOINT WARNING * * *
You feel sick.
You take 1 damage, and have 9/42 hp.
* * * LOW HITPOINT WARNING * * *
You feel sick. The water moccasin bites you.
* * * LOW HITPOINT WARNING * * *
You take 5 damage, and have 4/42 hp.
* * * LOW HITPOINT WARNING * * *
You feel sick.
You take 1 damage, and have 3/42 hp.
Your surroundings suddenly seem different.
* * * LOW HITPOINT WARNING * * *
You feel sick.
You take 1 damage, and have 2/42 hp.
It was a potion of lignification.
You turn into a tree.
Your +0 scale mail melds into your body.
Your roots penetrate the ground.
You now have 3/63 hp.
It was a potion of curing.
You feel better.
You regained 9 hp, and now have 12/63 hp.
You start resting.
Your transformation is almost over.
You start resting.
You regained 2 hp, and now have 19/63 hp.
Unknown command.
A water moccasin is nearby!
Unknown command.
You feel less wooden.
Your +0 scale mail unmelds from your body.
You now have 12/42 hp.
It was a potion of cancellation.
You feel magically purged.
Okay, then.
It was a potion of haste.
You feel yourself speed up. The water moccasin bites you.
* * * LOW HITPOINT WARNING * * *
You are lethally poisoned!
The water moccasin poisons you!
You take 6 damage, and have 6/42 hp.
You barely miss the water moccasin.
* * * LOW HITPOINT WARNING * * *
You feel sick. The water moccasin bites you.
* * * LOW HITPOINT WARNING * * *
You take 4 damage, and have 2/42 hp.
You hit the water moccasin.
Your weapon exudes an aura of protection.
* * * LOW HITPOINT WARNING * * *
You feel sick. The water moccasin bites you.
You die...

..............#.# #.#
........##..#..# #.#
#.###.##.##.###.## #.#
.# #.##.#.## ##.## #.#
.##.##S.## ##.# #.#
...##.#.## ##.## #.#
#..##.##†###.## #.#
#..##.###.#.#######.#
#..##..###.#S@.....(#
####............########
.................>...#
#########..##.######.#
##..##.##.# #.#
#.##.#.##)# #.#
##.##..##.# #.#
#.#####.# #.# # .# #.#
#.#


You could see a water moccasin.

Vanquished Creatures
  Terence (D:2)
  2 orc wizards (D:3)
  4 adders
  2 oozes (D:2)
  2 worms (D:2)
  4 dart slugs
  A leopard gecko (D:2)
  4 orcs (D:3)
  11 bats
  2 giant cockroaches
  3 goblins
  A hobgoblin (D:3)
  3 jackals (D:2)
  A quokka (D:2)
  2 frilled lizards (D:2)
  5 kobolds
  9 rats
57 creatures vanquished.

Notes
Turn   | Place    | Note
-------+----------+-------------------------------------------
     0 | D:1      | shakethe the Demonspawn Fighter began the quest for the Orb.
     0 | D:1      | Reached XP level 1. HP: 18/18 MP: 1/1
    35 | D:1      | Reached skill level 2 in Axes
   362 | D:1      | Gained mutation: Your flesh is cold resistant. (rC+) [demonic ancestry]
   362 | D:1      | Reached XP level 2. HP: 24/24 MP: 2/2
  1217 | D:2      | Gained mutation: You are immune to freezing clouds. [demonic ancestry]
  1217 | D:2      | Reached XP level 3. HP: 17/29 MP: 3/3
  1400 | D:2      | Reached skill level 3 in Axes
  1534 | D:2      | Noticed Terence
  1540 | D:2      | HP: 5/29 [Terence/flail of protection (8)]
  1542 | D:2      | Killed Terence
  1542 | D:2      | Reached XP level 4. HP: 7/37 MP: 4/4
  2263 | D:3      | HP: 5/37 [something/puff of flame (7)]
  2265 | D:3      | Reached skill level 4 in Fighting
  2271 | D:3      | HP: 3/37 [poisoned by an adder]
  2278 | D:2      | HP: 2/37 [poisoned by an adder]
  2572 | D:3      | Reached skill level 4 in Axes
  2666 | D:3      | Reached XP level 5. HP: 36/42 MP: 5/5
  2992 | D:3      | Noticed a water moccasin
  3005 | D:3      | HP: 10/42 [water moccasin (1)]
  3008 | D:3      | HP: 4/42 [water moccasin (4)]
  3048 | D:3      | HP: 6/42 [water moccasin (6)]
  3049 | D:3      | HP: 2/42 [water moccasin (4)]
  3050 | D:3      | Slain by a water moccasin

Skill      XL: |  1  2  3  4 |
---------------+-------------+-----
Axes           | 2 3 4 |  4.4
Fighting       | 4 |  4.2
Armour         | |  2.6
Shields        | |  2.6

Action                   |  1- 3 |  4- 6 || total
-------------------------+-------+-------++-------
Melee: War axe           |   102 |     6 ||   108
       Flail             |       |    89 ||    89
  Use: Potion            |       |     4 ||     4
       Scroll            |       |     1 ||     1
  Eat: Chunk             |     2 |     5 ||     7
Armor: Scale mail        |    78 |    65 ||   143
Dodge: Dodged            |    57 |    49 ||   106
Block: Shield            |    25 |       ||    25

Vault maps used:
D:1:      noname_arrival_rooms_in_the_neighbourhood
D:2:      serial_aquarium, aquarium_bridge_straight, aquarium_window_1,
          aquarium_window_fake, aquarium_window_corner,
          aquarium_window_corridor_1, aquarium_view_2a, minmay_tetromino_t4,
          uniq_terence
D:3:      marbit_many_paths, grunt_temple_overflow_diamond, grunt_ministairs_12

Table legend:
 A = Turns spent in this place as a percentage of turns spent in the entire game.
 B = Non-inter-level travel turns spent in this place as a percentage of non-inter-level travel turns spent in the entire game.
 C = Inter-level travel turns spent in this place as a percentage of turns spent in this place.
 D = Turns resting spent in this place as a percentage of non-inter-level travel turns spent in this place.
 E = Turns spent auto-exploring this place as a percentage of non-inter-level travel turns spent in this place.
 F = Non-inter-level travel turns spent in this place divided by the number of levels of this place that you've seen.
                   A       B       C       D       E      F
               +-------+-------+-------+-------+-------+----------------------
         Total | 100.0 | 100.0 |   2.6 |  25.4 |  56.9 | 990.0
       Dungeon | 100.0 | 100.0 |   2.6 |  25.4 |  56.9 | 990.0
               +-------+-------+-------+-------+-------+----------------------

Table legend:
 A = Kills in this place as a percentage of kills in entire the game.
 B = Kills by you in this place as a percentage of kills by you in the entire game.
 C = Kills by friends in this place as a percentage of kills by friends in the entire game.
 D = Other kills in this place as a percentage of other kills in the entire game.
 E = Experience gained in this place as a percentage of experience gained in the entire game.
 F = Experience gained in this place divided by the number of levels of this place that you have seen.
                   A       B       C       D       E      F
               +-------+-------+-------+-------+-------+----------------------
         Total | 100.0 | 100.0 |   N/A |   N/A | 100.0 |  91.3
       Dungeon | 100.0 | 100.0 |   N/A |   N/A | 100.0 |  91.3
               +-------+-------+-------+-------+-------+----------------------
